 Dungeon Crawl Stone Soup version 0.19.4-9-g45fd643 (webtiles) character file.

7137 Gargoyl the Cleaver (level 11, -4/91 HPs)
             Began as a Ghoul Abyssal Knight on Feb 15, 2017.
             Was an Elder of Lugonu.
             Slain by a wolf (7 damage)
             ... led by Grum
             ... on level 9 of the Dungeon.
             The game lasted 00:18:10 (8396 turns).

Gargoyl the Cleaver (Ghoul Abyssal Knight)          Turns: 8396, Time: 00:18:10

Health: -4/91      AC: 17    Str: 18    XL:     11   Next: 10%
Magic:  15/15      EV:  8    Int:  7    God:    Lugonu [****..]
Gold:   71         SH:  0    Dex: 10    Spells: 0 memorised, 10 levels left

rFire  . . .     SeeInvis +     A - +0 battleaxe
rCold  + . .     Gourm    .     e - +0 chain mail
rNeg   + + +     Faith    .     (shield currently unavailable)
rPois  ∞         Spirit   .     n - +0 helmet {SInv}
rElec  .         Reflect  .     w - +1 cloak
rCorr  .         Harm     .     t - +0 pair of gloves of the Hidden Vale {Regen+}
MR     +....                    a - +0 pair of boots
Stlth  ..........               (no amulet)
                                (no ring)
                                d - ring of protection from magic

@: rotting
A: rotting body, claws 1, carnivore 3, cold resistance 1, negative energy
resistance 3, slow regeneration 1, torment resistance, unbreathing
a: Depart the Abyss, Bend Space, Banish, Corrupt, Renounce Religion


You were on level 9 of the Dungeon.
You worshipped Lugonu.
Lugonu was greatly pleased with you.
You were not hungry.

You visited 1 branch of the dungeon, and saw 9 of its levels.
You visited the Abyss 1 time.

You collected 492 gold pieces.
You spent 421 gold pieces at shops.

Inventory:

Hand Weapons
 q - a +1 war axe
 x - a +0 war axe
 y - the +9 great mace of the Throat {crush, +Blink}
   (You found it on level 9 of the Dungeon)

   It inflicts extra damage upon your enemies.
   It lets you blink.
 A - a +0 battleaxe (weapon)
 D - a +0 falchion of flaming
Missiles
 g - 8 javelins (quivered)
Armour
 a - a +0 pair of boots (worn)
 e - a +0 chain mail (worn)
 n - a +0 helmet of see invisible (worn)
 t - the +0 pair of gloves of the Hidden Vale (worn) {Regen+}
   (You acquired it on level 7 of the Dungeon)

   It increases your rate of regeneration.
 w - a +1 cloak (worn)
Jewellery
 d - a ring of protection from magic (left hand)
 u - the ring "Monkeewn" {Ice rElec Str+3 Stlth+}
   (You found it on level 8 of the Dungeon)

   [ring of ice]

   It enhances your ice magic.
   It affects your strength (+3).
   It makes you vulnerable to fire.
   It protects you from cold.
   It insulates you from electricity.
   It makes you more stealthy.
Wands
 p - a wand of iceblast (12/15)
 v - a wand of digging (10/24)
 E - a wand of flame (34/48)
 F - a wand of iceblast (4/15)
 I - a wand of acid (8/15)
 J - a wand of flame (29/48)
Scrolls
 h - 2 scrolls of teleportation
 i - a scroll of fear
 o - 2 scrolls of remove curse
 s - 2 scrolls of magic mapping
 C - a scroll of blinking
Potions
 b - a potion of degeneration {unknown}
 j - a potion of agility
 m - a potion of haste {unknown}
 B - 3 potions of brilliance {unknown}
 H - a potion of might {unknown}
Books
 r - a book of Geomancy

   Spells                             Type                      Level
   a - Sandblast                      Earth                        1
   b - Passwall                       Transmutation/Earth          2
   c - Stone Arrow                    Conjuration/Earth            3
   d - Petrify                        Transmutation/Earth          4
   e - Lee's Rapid Deconstruction     Earth                        5
 G - a book of Changes

   Spells                             Type                      Level
   a - Beastly Appendage              Transmutation                1
   b - Sticks to Snakes               Transmutation                2
   c - Spider Form                    Transmutation/Poison         3
   d - Ice Form                       Ice/Transmutation            4
   e - Blade Hands                    Transmutation                5
Comestibles
 c - 6 meat rations
 f - 2 royal jellies
 k - 3 beef jerkies
 l - 9 slices of pizza


   Skills:
 + Level 6.8 Fighting
 + Level 3.1 Long Blades
 + Level 9.6 Axes
 + Level 0.3(6.0) Maces & Flails
 + Level 0.1 Throwing
 * Level 8.3 Armour
 + Level 2.6 Dodging
 * Level 7.7 Invocations


You had 10 spell levels left.
You didn't know any spells.

Dungeon Overview and Level Annotations

Branches:
Dungeon (9/15)             Temple (0/1) D:5            Lair (0/6) D:9
    Orc (0/2) D:9

Altars:
Fedhas
Kikubaaqudgha
Nemelex Xobeh
Xom

Shops:
D:4 (   D:8 *   D:9 [

Annotations:
D:9 Grum


Innate Abilities, Weirdness & Mutations

Your body is rotting away.
You thrive on raw meat.
You are immune to poison.
You have sharp fingernails.
You are carnivorous and can eat meat at any time.
Your flesh is cold resistant. (rC+)
You are immune to negative energy. (rN+++)
You regenerate slowly when monsters are visible.
You are immune to unholy pain and torment.
You can survive without breathing.


Message History

* * * LOW HITPOINT WARNING * * *
The wolf closely misses you.
You closely miss the wolf.
The wolf is almost dead.
The wolf bites you.
* * * LOW HITPOINT WARNING * * *
Grum points his finger and grunts, "Attack!"
Grum hits you but does no damage. The wolf barely misses you.
You closely miss the wolf.
The wolf is almost dead.
The wolf bites you.
* * * LOW HITPOINT WARNING * * *
Grum hits you but does no damage. The wolf bites you but does no damage.
You closely miss the wolf.
The wolf is almost dead.
The wolf barely misses you. Grum hits you from afar with a halberd.
* * * LOW HITPOINT WARNING * * *
The wolf bites you but does no damage. The wolf bites you!
You die...

. ............###..#
...#.#.###.##......###.>.
#..........#.......##....
#...>...#..#..........###
#.>.....#..#............#
............[..........#
.....#........).[..#.#
#.#####......).[.....
#.gh@.............###
##################...
#.........#####....
#..................
#.........######...
#....[<...'....#...
#.........####.#...
#.........# #.#...
#.........# #.#...


You could see Grum and a wolf.

Vanquished Creatures
  Erolcha (D:9)
  A hydra (D:8)
  The ghost of Aramant the Cudgeler, a novice HuFi of the Shining One (D:7)
  Pikel (D:7)
  Grinder (D:3)
  Prince Ribbit (D:5)
  A hippogriff (D:9)
  2 dream sheep (D:8)
  2 wyverns (D:9)
  2 yaks (D:8)
  A mottled dragon (D:9)
  2 ice beasts
  A sky beast (D:5)
  2 phantoms
  3 ogres
  4 centaurs
  2 wolves (D:9)
  4 big kobolds (D:8)
  4 bullfrogs
  5 killer bees (D:9)
  2 howler monkeys
  A bullfrog zombie (D:7)
  4 crimson imps
  2 hounds
  4 jellies
  Crazy Yiuf (D:3)
  3 orc priests
  A bullfrog skeleton (D:8)
  4 iguanas
  6 orc wizards
  5 worker ants
  Natasha (thrice) (D:2)
  A worker ant zombie (D:6)
  4 adders
  2 shadow imps
  An ooze (D:1)
  An adder zombie (D:9)
  4 adder skeletons
  4 dart slugs
  2 leopard geckos
  13 orcs
  8 bats
  8 giant cockroaches
  4 hobgoblins
  9 jackals
  17 kobolds
  5 frilled lizards
  A giant cockroach zombie (D:5)
  6 goblins
  2 leopard gecko skeletons
  A leopard gecko zombie (D:5)
  2 quokka skeletons
  9 rats
181 creatures vanquished.

Vanquished Creatures (others)
  An orc wizard (D:6)
  A hobgoblin (D:1)
2 creatures vanquished.

Grand Total: 183 creatures vanquished

Notes
Turn   | Place    | Note
-------+----------+-------------------------------------------
     0 | Abyss:1  | Gargoyl the Ghoul Abyssal Knight began the quest for the Orb.
     0 | Abyss:1  | Reached XP level 1. HP: 19/19 MP: 1/1
    78 | Abyss:2  | Found a corrupted altar of Lugonu.
   100 | Abyss:2  | Noticed a smoke demon
   100 | D:1      | Escaped the Abyss
   263 | D:1      | Reached XP level 2. HP: 26/26 MP: 2/2
   520 | D:1      | Reached * piety under Lugonu
   684 | D:1      | Reached skill level 1 in Dodging
   684 | D:1      | Reached XP level 3. HP: 22/31 MP: 3/3
  1043 | D:2      | Found an ancient bone altar of Kikubaaqudgha.
  1125 | D:2      | You fall through a shaft for 2 floors!
  1198 | D:4      | Reached skill level 2 in Axes
  1317 | D:3      | Reached XP level 4. HP: 34/40 MP: 4/4
  1722 | D:2      | Reached ** piety under Lugonu
  1783 | D:2      | Noticed Natasha
  1797 | D:2      | Killed Natasha
  1797 | D:2      | Reached skill level 3 in Axes
  1797 | D:2      | Reached XP level 5. HP: 9/46 MP: 5/5
  1905 | D:2      | Found a shimmering altar of Xom.
  1908 | D:2      | Noticed Natasha
  1919 | D:2      | Killed Natasha
  2182 | D:2      | Noticed Natasha
  2191 | D:2      | Killed Natasha
  2585 | D:3      | Noticed Grinder
  2599 | D:3      | Paralysed by Grinder for 3 turns
  2624 | D:3      | Killed Grinder
  2624 | D:3      | Reached skill level 4 in Axes
  2624 | D:3      | Reached XP level 6. HP: 25/52 MP: 7/7
  2867 | D:3      | Found a runed door.
  2871 | D:3      | Noticed Crazy Yiuf
  2877 | D:3      | Killed Crazy Yiuf
  2877 | D:3      | Reached XP level 7. HP: 47/59 MP: 8/8
  3210 | D:4      | Found Nolewomu's Weapon Boutique.
  3218 | D:4      | Bought a +0 battleaxe for 71 gold pieces
  3673 | D:4      | Reached skill level 5 in Axes
  3908 | D:5      | Entered Level 5 of the Dungeon
  4000 | D:5      | Found a staircase to the Ecumenical Temple.
  4016 | D:5      | Noticed Prince Ribbit
  4029 | D:5      | Killed Prince Ribbit
  4029 | D:5      | Reached skill level 5 in Armour
  4029 | D:5      | Reached XP level 8. HP: 23/67 MP: 10/10
  4845 | D:6      | Found a sparkling altar of Nemelex Xobeh.
  4886 | D:6      | Reached skill level 5 in Fighting
  4988 | D:6      | You fall through a shaft for 2 floors!
  5016 | D:7      | Identified a scroll of acquirement
  5017 | D:7      | Got a pair of slimy gloves
  5028 | D:7      | Identified the +0 pair of gloves of the Hidden Vale {Regen+} (You acquired it on level 7 of the Dungeon)
  5037 | D:7      | Noticed Aramant's ghost (novice HuFi)
  5062 | D:7      | Killed Aramant's ghost
  5062 | D:7      | Reached skill level 6 in Axes
  5062 | D:7      | Reached skill level 5 in Invocations
  5062 | D:7      | Reached XP level 9. HP: 7/74 MP: 11/11
  5348 | D:7      | Noticed Pikel
  5496 | D:6      | Reached *** piety under Lugonu
  5496 | D:6      | Reached skill level 7 in Axes
  6169 | D:7      | Found a blossoming altar of Fedhas.
  6416 | D:7      | Killed Pikel
  6631 | D:8      | Found Gicuho Gung's Assorted Antiques.
  6685 | D:8      | Bought a large jade ring for 140 gold pieces
  6685 | D:8      | Bought a scroll of blinking for 210 gold pieces
  6811 | D:8      | Reached skill level 8 in Axes
  6872 | D:8      | Reached XP level 10. HP: 33/83 MP: 13/13
  6887 | D:8      | Reached skill level 1 in Long Blades
  6923 | D:8      | Noticed a three-headed hydra
  6932 | D:8      | Killed a one-headed hydra
  7136 | D:8      | Got a warped jade ring
  7541 | D:9      | Got a pair of bloodstained boots
  7552 | D:9      | Identified the cursed +0 pair of boots of the Equinox {rPois rF++ Dex-2 Stlth+} (You found it on level 9 of the Dungeon)
  7664 | D:9      | Found Janef's Antique Armour Shop.
  7697 | D:9      | Noticed Erolcha
  7792 | D:9      | Killed Erolcha
  7792 | D:9      | Reached skill level 9 in Axes
  7919 | D:9      | Found a staircase to the Lair.
  8001 | D:9      | Reached XP level 11. HP: 72/91 MP: 15/15
  8077 | D:9      | Identified the ring "Monkeewn" {Ice rElec Str+3 Stlth+} (You found it on level 8 of the Dungeon)
  8258 | D:9      | Reached **** piety under Lugonu
  8269 | D:9      | Got a warped great mace
  8270 | D:9      | Identified the +9 great mace of the Throat {crush, +Blink} (You found it on level 9 of the Dungeon)
  8365 | D:9      | Found a staircase to the Orcish Mines.
  8366 | D:9      | Noticed Grum
  8391 | D:9      | HP: 2/91 [Grum/halberd (5)]
  8396 | D:9      | Slain by a wolf

Skill      XL: |  1  2  3  4  5  6  7  8  9 10 |
---------------+-------------------------------+-----
Armour         | 2 3 5 6 7 8 |  8.3
Dodging        | 1 2 |  2.6
Axes           | 2 3 4 5 6 8 9 |  9.6
Fighting       | 4 5 6 |  6.8
Invocations    | 3 4 5 6 7 |  7.7
Long Blades    | 3 |  3.1
Maces & Flails | |  0.3
Throwing       | |  0.1

Action                   |  1- 3 |  4- 6 |  7- 9 | 10-12 || total
-------------------------+-------+-------+-------+-------++-------
Melee: Hand axe          |   100 |     3 |       |       ||   103
       War axe           |       |   150 |    27 |       ||   177
       Battleaxe         |       |       |   378 |   217 ||   595
       Falchion          |       |       |    37 |    33 ||    70
       Great mace        |       |       |       |    21 ||    21
Throw: Tomahawk          |       |       |     2 |       ||     2
Invok: Depart the Abyss  |     1 |       |       |       ||     1
       Banish            |       |       |     1 |       ||     1
  Use: Scroll            |     3 |     3 |     7 |     6 ||    19
       Potion            |       |       |    14 |     3 ||    17
  Eat: Chunk             |     9 |    23 |    27 |    43 ||   102
Armor: Chain mail        |    72 |   100 |   359 |   298 ||   829
Dodge: Dodged            |    41 |    82 |   202 |   215 ||   540
       Rpst.: Falchion   |       |       |     6 |     4 ||    10
